 Dungeon Sprint DCSS version 0.30-a0-578-gdee14c521f (webtiles) character file.

Game seed: 3177015783601403212

37 mhtbhm the Shield-Bearer (level 3, -11/37 HPs)
             Began as a Gargoyle Fighter on Dec 31, 2022.
             Was a Follower of Qazlal.
             Mangled by a death cob (17 damage)
             ... in the Dungeon (Sprint V: "Ziggurat Sprint").
             The game lasted 00:01:55 (190 turns).

mhtbhm the Shield-Bearer (Gargoyle Fighter)          Turns: 190, Time: 00:01:55

Health: -11/37     AC: 25    Str: 33    XL:     3   Next: 39%
Magic:  5/5        EV:  0    Int:  8    God:    Qazlal [*.....]
Gold:   0          SH: 28    Dex:  9    Spells: 2/2 levels left

rFire   + + .      SeeInvis .    a - +8 lance "Wyrmbane" {slay drac, rPois rF+ rC+ AC+3}
rCold   + + .      Faith    .    c - +18 shield of the Gong {rElec rN+ Will+ EV-5}
rNeg    + + .      Spirit   .    b - +5 gold dragon scales
rPois   ∞          Reflect  .    (no helmet)
rElec   +          Harm     .    (no cloak)
rCorr   .          Rampage  .    (no gloves)
Will    +....      NoTele   +    (no boots) Stlth
                                 (no amulet)
HPRegen 0.26/turn                z - +6 ring of strength
MPRegen 0.09/turn                A - +6 ring of strength

@: mighty, berserking (expiring), hasted, very quick
A: sickness immunity, AC +3, negative energy resistance 1, electricity
resistance, torment resistance 1, petrification resistance
a: Renounce Religion


You were in the Dungeon.
You worshipped Qazlal.
Qazlal was aware of your devotion.
You visited 1 branch

Inventory:

Hand Weapons
 a - the +8 lance "Wyrmbane" (weapon) {slay drac, rPois rF+ rC+ AC+3}
   (You found it in the Dungeon)

   It inflicts extra damage against dragons and draconians.
   AC:        It affects your AC (+3).
   rF:        It protects you from fire.
   rC:        It protects you from cold.
   rPois:     It protects you from poison.
Armour
 b - +5 gold dragon scales (worn)
 c - the +18 shield of the Gong (worn) {rElec rN+ Will+ EV-5}
   (You found it in the Dungeon)

   It is deafeningly noisy when blocking attacks.
   EV:        It affects your evasion (-5).
   rElec:     It insulates you from electricity.
   rN:        It protects you from negative energy.
   Will:      It increases your willpower.
Jewellery
 z - a +6 ring of strength (left hand)
 A - a +6 ring of strength (right hand)
Wands
 s - a wand of mindburst (7)
 t - a wand of acid (6)
Scrolls
 j - 2 scrolls of blinking
 o - 4 scrolls of amnesia
 p - 7 scrolls of fog
 q - 5 scrolls of identify
 r - a scroll of fear
Potions
 d - 5 potions of might
 e - 10 potions of curing
 f - 10 potions of heal wounds
 g - 5 potions of haste
 h - 7 potions of magic
 i - 2 potions of berserk rage
 k - 2 potions of brilliance
 l - 2 potions of invisibility
 m - 4 potions of resistance
 n - a potion of experience
Miscellaneous
 B - a lightning rod (4/4)


   Skills:
 + Level 4.8 Fighting
 + Level 2.4 Maces & Flails
 + Level 4.7 Armour
 + Level 4.9 Shields
 * Level 2.7 Invocations


You had 2 spell levels left.
You didn't know any spells.
Your spell library contained the following spells:

 Spells                   Type           Power      Damage    Failure   Level
 Kiss of Death            Conj/Necr      0%         2d5       100%        1
 Shock                    Conj/Air       0%         1d3       100%        1
 Stone Arrow              Conj/Erth      0%         3d7       100%        3
 Airstrike                Air            0%         2d(0-16)  100%        4
 Summon Lightning Spire   Summ/Air       0%         N/A       100%        4
 Lightning Bolt           Conj/Air       0%         1d11      100%        5
 Spellforged Servitor     Conj/Summ      0%         N/A       100%        7


Dungeon Overview and Level Annotations

Branches:
Dungeon (1/1)

Altars:
Ashenzari
Cheibriados
Dithmenos
Elyvilon
Fedhas
Gozag
Hepliaklqana
Kikubaaqudgha
Makhleb
Nemelex Xobeh
Okawaru
Qazlal
Ru
Sif Muna
Trog
Uskayaw
Vehumet
Wu Jian
Xom
Yredelemnul
Zin
The Shining One
Jiyva
Lugonu

Annotations:
D 1 transporter


Innate Abilities, Weirdness & Mutations

You are immune to sickness and miasma.
Your stone body is resilient. (AC +3)
You are immune to poison.
You resist negative energy. (rN+)
You are resistant to electric shocks. (rElec)
You are resistant to unholy torment.
You are immune to petrification.


Message History

Cornered, the draconian turns to fight!
You block the draconian's attack.
GONNNNG!
The death cob hits you but does no damage.
You puncture the death cob!
The death cob is severely damaged.
You block the death cob's attack.
GONNNNG!
The death cob hits you but does no damage.
You block the draconian's attack.
PANG!
You block the death cob's attack.
BOUMMMMG!
The draconian hits you but does no damage. x2
You puncture the death cob!
The death cob is almost destroyed.
You feel yourself speed up.
The death cob is no longer covered in acid.
You block the death cob's attack.
GONNNNG!
The death cob hits you but does no damage.
The draconian completely misses you. You block the draconian's attack.
PTOANNNG!
You block the death cob's attack.
PANG!
You completely miss the death cob.
The death cob is almost destroyed.
The death cob hits you!
* * * LOW HITPOINT WARNING * * *
You block the death cob's attack.
BOUMMMMG!
You block the draconian's attack.
GONNNNG!
The draconian hits you with a +0 mace.
* * * LOW HITPOINT WARNING * * *
You closely miss the death cob.
The death cob is severely damaged.
You block the death cob's attack.
GONNNNG!
The death cob hits you!
You die...

▓▓▓▓▓▓▓▓▓▓▓▓▓▓▓▓▓▓▓
▓.8©8@▓.8©8.▓.8©8.▓
▓.}:zd▓.|[..▓.....▓
▓..d.d▓.....▓...).▓
▓.....▓.....▓.....▓
▓.....▓..)).▓.....▓
▓.....▓.....▓..©..▓
▓..©..▓..©..▓▓▓▓▓▓▓
▓▓▓▓▓▓▓▓▓▓▓▓▓


You could see a death cob and 3 draconians.

Vanquished Creatures
  An orc priest (D)
  An adder skeleton (D)
  2 orcs (D)
  A jackal skeleton (D)
5 creatures vanquished.

Notes
Turn   | Place    | Note
-------+----------+-------------------------------------------
     0 | D        | mhtbhm the Gargoyle Fighter began the quest for the Orb.
     0 | D        | Reached XP level 1. HP: 14/14 MP: 1/1
     0 | D        | Found a shimmering blue altar of Sif Muna.
     0 | D        | Found a bloodstained altar of Trog.
     0 | D        | Found a sacrificial altar of Ru.
     0 | D        | Found a stormy altar of Qazlal.
     0 | D        | Found an iron altar of Okawaru.
     5 | D        | Found a sparkling altar of Nemelex Xobeh.
     5 | D        | Found a blossoming altar of Fedhas.
     5 | D        | Found the +6 Majin-Bo {vamp, MP+6 Int+6}
     5 | D        | Found the +27 heavy crossbow "Sniper" {heavy, Acc+∞ SInv}
     5 | D        | Found the +10 dark maul {heavy}
     5 | D        | Found the +15 Maxwell's patent armour {-Cast -Tele rElec
                  | Will+ rCorr}
     5 | D        | Found the +18 shield of the Gong {rElec rN+ Will+ EV-5}
     5 | D        | Found the +16 obsidian axe {drain, Mesm Drain Fly SInv}
     5 | D        | Found the +7 great mace "Firestarter" {inner flame, rF++}
     5 | D        | Found the +6 shillelagh "Devastator" {shatter}
     5 | D        | Found the +11 plutonium sword {Contam Stlth-}
     5 | D        | Found the +8 lance "Wyrmbane" {slay drac, rPois rF+ rC+
                  | AC+3}
     5 | D        | Found the +9 sword of Zonguldrok {reap}
     5 | D        | Found the +13 scythe of Curses {drain, Drain}
     5 | D        | Found the +9 sword of Power
     5 | D        | Found the +7 mace of Variability {chain chaos}
     5 | D        | Found the +11 Singing Sword {sonic wave}
     5 | D        | Found the +8 storm bow {elec, penet}
     7 | D        | Found a transporter.
     7 | D        | Found an ancient bone altar of Kikubaaqudgha.
     7 | D        | Found a viscous altar of Jiyva.
     7 | D        | Found a corrupted altar of Lugonu.
     7 | D        | Found a hazy altar of Hepliaklqana.
     7 | D        | Found a burning altar of Makhleb.
     7 | D        | Found an opulent altar of Gozag.
    98 | D        | Became a worshipper of Qazlal Stormbringer
   118 | D        | Entered arena 2.
   118 | D        | Found a transporter.
   124 | D        | Reached skill level 1 in Invocations
   135 | D        | Entered arena 3.
   135 | D        | Noticed an orc priest
   135 | D        | Found a transporter.
   138 | D        | Killed an orc priest
   138 | D        | Reached * piety under Qazlal
   139 | D        | Reached XP level 2. HP: 20/20 MP: 2/4
   139 | D        | Reached XP level 3. HP: 24/24 MP: 2/5
   146 | D        | Got the Octavo of the Destructive Nimbus
   173 | D        | Entered arena 4.
   173 | D        | Noticed a draconian
   173 | D        | Noticed a draconian
   173 | D        | Noticed a death cob
   173 | D        | Noticed a draconian
   173 | D        | Found a transporter.
   190 | D        | Mangled by a death cob

Illustrated notes

Levels and vault maps discovered:
D:        sprint_v [room_start, room_1, room_2, room_3, room_4, room_5, room_6,
          room_7, room_8, room_9, room_10, room_11, room_12, room_13, room_14,
          room_15, room_16, room_17, room_18, room_19, room_20, room_21,
          room_22, room_23, room_24, room_25, room_26, room_27]

Skill      XL: |  1 |
---------------+----+-----
Invocations    | 2 |  2.7
Fighting       | 4 |  4.8
Armour         | 4 |  4.7
Shields        | 4 |  4.9
Maces & Flails | |  2.4

Action                   || total
-------------------------++-------
Melee: Lance             ||    20
Evoke: Wand              ||     1
  Use: Scroll            ||     3
       Potion            ||     3
Armor: Gold dragon scale ||    13
Dodge: Dodged            ||     1
Block: Kite shield       ||    36

Table legend: (Time is in decaauts)
 A = Elapsed time spent in this place.
 B = Non-inter-level travel time spent in this place.
 C = Inter-level travel time spent in this place.
 D = Time resting spent in this place.
 E = Time spent auto-exploring this place.
 F = Levels seen in this place.
 G = Mean time per level.
                   A        B        C        D        E       F      G
               +--------+--------+--------+--------+--------+-----+--------+
         Total |    191 |    191 |      0 |     16 |      0 |   1 |  191.0 |
       Dungeon |    191 |    191 |      0 |     16 |      0 |   1 |  191.0 |
               +--------+--------+--------+--------+--------+-----+--------+

Top non-repeatable levels by time:
       D: 191 daAuts
